 Dungeon Crawl Stone Soup version 0.24.0-2-g5b39cebb1c (webtiles) character file.

Game seed: 6222558684600721912, levelgen mode: deterministic

706230 Mesmaeker13 the Invulnerable (level 27, -1/224 HPs)
             Began as a Formicid Fighter on Oct 29, 2019.
             Was the Champion of Hepliaklqana.
             Slain by a sixfirhy (12 damage)
             ... led by a cacodemon
             ... on level 1 of the Realm of Zot on Oct 30, 2019.
             The game lasted 03:29:29 (75386 turns).

Mesmaeker13 the Invulnerable (Formicid Fighter)    Turns: 75386, Time: 03:29:29

Health: -1/224     AC: 48    Str: 29      XL:     27
Magic:  31/31      EV: 21    Int:  8 (10) God:    Hepliaklqana [******]
Gold:   4828       SH: 24    Dex: 12 (15) Spells: 26/26 levels left

rFire    + + .     SeeInvis +   i - +9 bardiche (elec)
rCold    + + +     Gourm    .   H - +3 large shield
rNeg     + . .     Faith    .   U - +12 gold dragon scales
rPois    +         Spirit   .   (helmet unavailable)
rElec    .         Reflect  .   o - scarf {repulsion}
rCorr    .         Harm     .   v - +2 pair of gloves
MR       ++...                  N - +1 pair of boots
Stlth    ..........             F - amulet of Rekhyilo {rC++ rN+ Regen+}
HPRegen  0.47/turn              k - ring of protection from fire
MPRegen  0.22/turn              D - ring of Phasing {EV+8}

@: lethally poisoned (-1 -> -1), wreathed by umbra, repel missiles
A: permanent stasis, dig shafts and tunnels, four strong arms, reduced essence,
antennae 3, molten scales 1, blurry vision 1, deterioration 2, low mp 1, strong
1, MP-powered wands
0: Orb of Zot
}: 3/15 runes: barnacled, silver, gossamer
a: Dig, Shaft Self, Recall Ancestor, Ancestor Identity, Transference, Idealise,
Renounce Religion


You were on level 1 of the Realm of Zot.
You worshipped Hepliaklqana.
Hepliaklqana was exalted by your worship.
You were not hungry.

You visited 10 branches of the dungeon, and saw 52 of its levels.
You also visited: Sewer, Bailey and Ice Cave.

You collected 9503 gold pieces.
You spent 4675 gold pieces at shops.

Inventory:

Hand Weapons
 i - a +9 bardiche of electrocution (weapon)
 E - a +7 bardiche of flaming
Missiles
 b - 14 atropa-tipped darts (quivered)
 u - 90 silver javelins
 x - 13 curare-tipped darts
 B - 11 throwing nets
Armour
 o - a scarf of repulsion (worn)
 v - a +2 pair of gloves (worn)
 H - a +3 large shield (worn)
 N - a +1 pair of boots (worn)
 U - +12 gold dragon scales (worn)
Jewellery
 k - a ring of protection from fire (left hand)
 p - the amulet of the Four Winds {rN+ MR+++ Clar}
   (You took it off a deep elf annihilator on level 2 of the Depths)

   [amulet of nothing]

   It protects you from negative energy.
   It affects your resistance to hostile enchantments.
   It protects you against confusion.
 r - an uncursed ring of positive energy
 D - the ring of Phasing (right hand) {EV+8}
   (You bought it in a shop on level 2 of the Orcish Mines)

   [ring of evasion]

   It affects your evasion (+8).
 F - the amulet of Rekhyilo (around neck) {rC++ rN+ Regen+}
   (You bought it in a shop on level 2 of the Orcish Mines)

   [amulet of regeneration]

   It greatly protects you from cold.
   It protects you from negative energy.
   It increases your rate of regeneration.
 M - the ring of the Villain {rPois rCorr}
   (You found it on level 3 of the Crypt)

   [ring of resist corrosion]

   It protects you from poison.
   It provides partial protection from all sources of acid and corrosion.
 T - the amulet "Ymomuher" {Reflect rElec rN++ Int-2 SH+2}
   (You took it off a deep elf blademaster on level 3 of the Elven Halls)

   [amulet of reflection]

   It shields you and reflects attacks.
   It affects your intelligence (-2).
   It insulates you from electricity.
   It greatly protects you from negative energy.
   It affects your SH (+2).
Wands
 d - a wand of paralysis (7)
 s - a wand of iceblast (48)
 t - a wand of disintegration (31)
 A - a wand of scattershot (7)
 G - a wand of acid (9)
Scrolls
 h - 3 scrolls of fog
 j - 15 scrolls of remove curse
 n - 2 scrolls of holy word
 L - 4 scrolls of silence
 O - 9 scrolls of identify
 P - 2 scrolls of amnesia
 Q - 2 scrolls of fear
 R - a scroll of summoning
Potions
 a - a potion of invisibility
 c - 4 potions of cancellation
 e - 2 potions of mutation
 g - 2 potions of flight
 l - 8 potions of ambrosia
 m - 10 potions of curing
 z - a potion of resistance
 C - 2 potions of agility
 I - 2 potions of might
Miscellaneous
 w - 3 phantom mirrors
 K - a fan of gales
 S - a lamp of fire
Comestibles
 f - 25 rations


   Skills:
 O Level 27 Fighting
 - Level 26.0 Polearms
 - Level 9.0 Throwing
 O Level 27 Armour
 - Level 12.4 Dodging
 + Level 11.6 Stealth
 - Level 15.0 Shields
 - Level 8.0 Invocations
 - Level 16.0 Evocations


You had 26 spell levels left.
You didn't know any spells.
Your spell library contained the following spells:

 Spells                   Type           Power        Failure   Level  Hunger
 Animate Skeleton         Necr           N/A          94%         1    ##.....
 Apportation              Tloc           #.....       94%         1    ##.....
 Beastly Appendage        Tmut           #.....       94%         1    ##.....
 Confusing Touch          Hex            #.....       94%         1    ##.....
 Corona                   Hex            #......      94%         1    ##.....
 Flame Tongue             Conj/Fire      #....        94%         1    ##.....
 Infusion                 Chrm           #...         94%         1    ##.....
 Magic Dart               Conj           #...         94%         1    ##.....
 Pain                     Necr           #...         94%         1    ##.....
 Sandblast                Erth           #.....       94%         1    ##.....
 Shock                    Conj/Air       #...         94%         1    ##.....
 Sting                    Conj/Pois      #...         94%         1    ##.....
 Summon Small Mammal      Summ           #...         94%         1    ##.....
 Call Imp                 Summ           #.......     98%         2    ###....
 Corpse Rot               Necr           N/A          98%         2    ###....
 Passwall                 Tmut/Erth      #.......     98%         2    ###....
 Searing Ray              Conj           #.....       98%         2    ###....
 Shroud of Golubria       Chrm/Tloc      #.....       98%         2    ###....
 Slow                     Hex            #.......     98%         2    ###....
 Song of Slaying          Chrm           #.......     98%         2    ###....
 Sticks to Snakes         Tmut           #.......     98%         2    ###....
 Sublimation of Blood     Necr           #.........   98%         2    ###....
 Swiftness                Chrm/Air       #.......     98%         2    ###....
 Throw Flame              Conj/Fire      #.....       98%         2    ###....
 Call Canine Familiar     Summ           #.......     100%        3    ####...
 Confuse                  Hex            #.......     100%        3    ####...
 Conjure Flame            Conj/Fire      #.......     100%        3    ####...
 Dazzling Spray           Conj/Hex       #.....       100%        3    ####...
 Gell's Gravitas          Tloc           #.........   100%        3    ####...
 Ignite Poison            Fire/Tmut/Pois #.......     100%        3    ####...
 Inner Flame              Hex/Fire       #.......     100%        3    ####...
 Lesser Beckoning         Tloc           #.........   100%        3    ####...
 Mephitic Cloud           Conj/Pois/Air  #.......     100%        3    ####...
 Portal Projectile        Hex/Tloc       #.....       100%        3    ####...
 Recall                   Summ/Tloc      N/A          100%        3    ####...
 Regeneration             Chrm/Necr      #.........   100%        3    ####...
 Spectral Weapon          Hex/Chrm       #.......     100%        3    ####...
 Spider Form              Tmut/Pois      #.........   100%        3    ####...
 Static Discharge         Conj/Air       #.......     100%        3    ####...
 Stone Arrow              Conj/Erth      #.....       100%        3    ####...
 Summon Guardian Golem    Hex/Summ       #.......     100%        3    ####...
 Teleport Other           Tloc           #.......     100%        3    ####...
 Vampiric Draining        Necr           #.........   100%        3    ####...
 Airstrike                Air            #.........   100%        4    #####..
 Animate Dead             Necr           N/A          100%        4    #####..
 Cause Fear               Hex            #.........   100%        4    #####..
 Force Lance              Conj/Tloc      #.......     100%        4    #####..
 Fulminant Prism          Conj/Hex       #.........   100%        4    #####..
 Ice Form                 Ice/Tmut       #.......     100%        4    #####..
 Iskenderun's Mystic Bla  Conj           #.......     100%        4    #####..
 Leda's Liquefaction      Hex/Erth       #.........   100%        4    #####..
 Petrify                  Tmut/Erth      #.......     100%        4    #####..
 Sticky Flame             Conj/Fire      #.......     100%        4    #####..
 Summon Ice Beast         Ice/Summ       #.......     100%        4    #####..
 Summon Lightning Spire   Summ/Air       #.......     100%        4    #####..
 Agony                    Necr           #.......     100%        5    ######.
 Alistair's Intoxication  Tmut/Pois      #.......     100%        5    ######.
 Blade Hands              Tmut           #.........   100%        5    ######.
 Bolt of Draining         Conj/Necr      #.........   100%        5    ######.
 Bolt of Magma            Conj/Fire/Erth #.........   100%        5    ######.
 Dispel Undead            Necr           #.......     100%        5    ######.
 Excruciating Wounds      Chrm/Necr      #.........   100%        5    ######.
 Fireball                 Conj/Fire      #.........   100%        5    ######.
 Irradiate                Conj/Tmut      #.........   100%        5    ######.
 Iskenderun's Battlesphe  Conj/Chrm      #.......     100%        5    ######.
 Lee's Rapid Deconstruct  Erth           #.........   100%        5    ######.
 Lightning Bolt           Conj/Air       #.........   100%        5    ######.
 Metabolic Englaciation   Hex/Ice        #.........   100%        5    ######.
 Silence                  Hex/Air        #.........   100%        5    ######.
 Summon Demon             Summ           #.........   100%        5    ######.
 Summon Forest            Summ/Tloc      #.........   100%        5    ######.
 Venom Bolt               Conj/Pois      #.........   100%        5    ######.
 Yara's Violent Unravell  Hex/Tmut       #.........   100%        5    ######.
 Conjure Ball Lightning   Conj/Air       #.........   100%        6    #######
 Deflect Missiles         Chrm/Air       #.........   100%        6    #######
 Dispersal                Tloc           #.........   100%        6    #######
 Hydra Form               Tmut           #.........   100%        6    #######
 Iron Shot                Conj/Erth      #.........   100%        6    #######
 Simulacrum               Ice/Necr       #.........   100%        6    #######
 Statue Form              Tmut/Erth      #........    100%        6    #######
 Dragon Form              Tmut           #.........   100%        7    #######
 Malign Gateway           Summ/Tloc      #.........   100%        7    #######
 Monstrous Menagerie      Summ           #.........   100%        7    #######
 Orb of Destruction       Conj           #.........   100%        7    #######
 Spellforged Servitor     Conj/Summ      #.........   100%        7    #######
 Summon Greater Demon     Summ           #.........   100%        7    #######
 Summon Hydra             Summ           #.........   100%        7    #######
 Disjunction              Tloc           #.........   100%        8    #######
 Necromutation            Tmut/Necr      #.........   100%        8    #######
 Summon Horrible Things   Summ           #.........   100%        8    #######
 Shatter                  Erth           #.........   100%        9    #######
 Tornado                  Air            #.........   100%        9    #######
 Blink                    Tloc           Unusable     N/A         2    N/A
 Passage of Golubria      Tloc           Unusable     N/A         4    N/A
 Controlled Blink         Tloc           Unusable     N/A         8    N/A

Dungeon Overview and Level Annotations

Branches:
Dungeon (15/15)            Temple (0/1) D:6            Lair (6/6) D:9
 Shoals (4/4) Lair:3       Spider (4/4) Lair:4        Slime (0/5) Lair:5
    Orc (2/2) D:12            Elf (3/3) Orc:2        Vaults (5/5) D:14
  Crypt (3/3) Vaults:3       Tomb (0/3) Crypt:3      Depths (5/5) D:15
    Zot (5/5) Depths:5      Sewer (visited)          Bailey (visited)
  IceCv (visited)

Altars:
Ashenzari
Fedhas
Hepliaklqana
Kikubaaqudgha
Okawaru
Qazlal
Sif Muna
Trog
Wu Jian
Yredelemnul
Zin

Shops:
D:7 =   D:10 [%}   D:12 ((*!   Orc:1 !}[   Orc:2 =[=*   Elf:1 *   Shoals:1 =
Shoals:3 [   Vaults:1 %(   Vaults:3 [(:(   Vaults:4 !

Portals:
Hell: Depths:1 Depths:2 Depths:3 Depths:4 Depths:5
Abyss: Depths:4
Pandemonium: Depths:1 Depths:2 Depths:3
Ziggurat: Depths:3

Annotations:
Lair:6 1 exclusion
Shoals:2 3 runed translucent doors, Ettath's ghost, journeyman HOFi
Shoals:4 1 runed translucent door, PlayerOfArmor's ghost, adept HOFi
Spider:4 11 exclusions
Depths:1 3 runed translucent doors, WeeknightWizard's ghost, veteran DEFE
Zot:2 2 transporters, runemage's ghost, legendary GnFi
Zot:5 1 exclusion


Innate Abilities, Weirdness & Mutations

You cannot be hasted, slowed, berserked, paralysed or teleported.
You can dig through walls and to a lower floor.
Your four strong arms can wield two-handed weapons with a shield.
You have a pair of large antennae on your head. (SInv)
Your life essence is reduced to manifest your ancestor. (-10% HP)
You are partially covered in molten scales. (AC +2)
Scrolls take you a little longer to read.
Your body often deteriorates upon taking damage.
Your magical capacity is low. (-10% MP)
Your muscles are strong. (Str +2)
You expend magic power (3 MP) to strengthen your wands.


Message History

Your body is wracked with pain!
* * * LOW HITPOINT WARNING * * *
Your body deteriorates!
You feel dopey.
The blizzard demon waves its arms in wide circles.
The air twists around and strikes you!
* * * LOW HITPOINT WARNING * * *
Namzu casts a spell.
Namzu seems to speed up.
The hellion misses you.
Namzu blocks Nacah's attack.
You feel sick. The blizzard demon gestures at you.
The bolt of lightning hits you!
* * * LOW HITPOINT WARNING * * *
You block the profane servitor's attack. x2
The cacodemon gestures at the rock wall.
Some rock shatters into small pieces.
You feel sick. The sixfirhy hits you.
* * * LOW HITPOINT WARNING * * *
The sixfirhy shocks you!
You die...

........................#.....##.
..#....................#......#.#
#.......................#.2#....[
##.###.......###....2..##.#.....#
.##.##...#..###..#...z.#&##..##.#
..##.....#.##..##.............)))
.∩.#.......#..##.......R.........
..)).).....[.#....2X........####.
..).?.[....>....@.AL3....#..# #.
...........[..23....##......# #.
....##.##.##).......#..##...####.
..##.##...##.[........###.......○
#..##.##.#.#.........## #.....##.
....##.##.###.......## ##....##.
............##.....## ###.....
..................## #.....
.............#...## ####..


You could see the friendly Namzu the knight, a profane servitor, a cacodemon, a
death cob, a lich, a blizzard demon, a large abomination, 2 sixfirhies and a
hellion.

Vanquished Creatures
  6 ancient liches
  8 orbs of fire
  A juggernaut (Depths:4)
  Frederick (Vaults:2)
  4 Killer Klowns
  Margery (Depths:1)
  A curse toe (Zot:5)
  A caustic shrike (Depths:4)
  3 golden dragons
  Nikola (Vaults:3)
  A bone dragon (Depths:5)
  6 liches
  Jorgrun (Orc:1)
  4 electric golems
  Rupert (Lair:5)
  12 tentacled monstrosities
  23 Orb Guardians
  4 titans
  A shard shrike skeleton (Crypt:3)
  A deep elf blademaster (Elf:3)
  Asterion (Vaults:2)
  4 quicksilver dragons
  Frances (D:12)
  2 ancient champions
  6 death cobs
  Donald (Vaults:1)
  5 tengu reavers
  2 sphinxes
  Kirke (D:12)
  4 draconian monks
  Roxanne (D:15)
  7 shadow dragons
  7 storm dragons
  A revenant (Crypt:2)
  A large abomination (Vaults:5)
  10 fire giants
  The ghost of Noname the Arsonist, a journeyman DgFE (D:11)
  A draconian knight (Zot:4)
  2 iron dragons (Vaults:5)
  Aizul (Vaults:1)
  17 deep elf sorcerers
  5 ghost moths
  Louise (Elf:1)
  An orc warlord (D:11)
  2 draconian stormcallers
  8 frost giants
  2 curse skulls (Crypt:2)
  2 draconian scorchers
  A caustic shrike zombie (Depths:3)
  13 vault wardens
  5 deep elf elementalists
  2 draconian shifters
  7 emperor scorpions
  6 ghouls (Crypt:2)
  A juggernaut zombie (Depths:3)
  21 stone giants
  10 ironheart preservers
  6 entropy weavers
  The ghost of ShutUppercut the Imperceptible, an adept SpEn of Kikubaaqudgha (Shoals:1)
  20 very ugly things
  4 war gargoyles
  9 green draconians
  5 draconian annihilators
  4 spriggan defenders
  3 deep elf demonologists
  12 vampire knights
  The ghost of Vufrucs the Grappler, a journeyman DrTm of Wu Jian (Lair:4)
  A small abomination (Vaults:5)
  4 black draconians
  A dire elephant (D:15)
  7 purple draconians
  5 red draconians
  5 yellow draconians
  Azrael (Elf:1)
  9 deep elf annihilators
  7 white draconians
  A spark wasp (shapeshifter) (Vaults:5)
  9 spark wasps
  3 eidola
  2 blizzard demons
  14 ettins
  5 merfolk javelineers (Shoals:4)
  12 jiangshi
  3 crystal guardians
  5 deep elf death magi
  5 merfolk impalers
  7 fire dragons
  3 deep elf high priests
  Josephine (Orc:2)
  7 rakshasas
  6 great orbs of eyes
  Erolcha (Orc:2)
  12 ice dragons
  12 yaktaur captains
  21 vault guards
  An alligator snapping turtle (Shoals:1)
  A hell beast (Zot:5)
  2 merfolk aquamancers (Shoals:4)
  7 hydras
  2 merfolk avatars (Shoals:4)
  3 spriggan air magi (Depths:4)
  6 centaur warriors
  25 two-headed ogres
  23 dancing weapons
  2 death knights (Crypt:3)
  8 ogre magi
  3 tengu warriors
  An orc high priest (Orc:2)
  A satyr (Shoals:4)
  6 deep troll shamans
  10 deep troll earth magi
  8 vampire magi
  3 spriggan berserkers
  Urug (D:11)
  5 soul eaters
  25 deep elf knights
  Nergalle (D:10)
  5 iron trolls
  4 shadow wraiths
  30 skeletal warriors
  5 hell knights
  9 sea snakes
  An unseen horror (shapeshifter) (Vaults:5)
  3 golden dragon zombies (Crypt:3)
  4 wizards
  An anaconda zombie (Crypt:3)
  5 glowing orange brains
  7 unseen horrors
  2 orange crystal statues
  5 flayed ghosts
  12 deep elf archers
  24 deep trolls
  An iron giant zombie (Crypt:3)
  24 phantasmal warriors
  A torturous demonspawn (Zot:3)
  A lindwurm (shapeshifter) (Vaults:5)
  2 iron dragon zombies (Crypt:3)
  4 harpies
  12 orc knights
  A wolf spider zombie (Crypt:3)
  10 ironbrand convokers
  35 wolf spiders
  4 necromancers
  A golden dragon skeleton (Depths:3)
  41 deep elf magi
  An anaconda skeleton (Crypt:1)
  A fire giant zombie (Vaults:4)
  11 manticores
  6 fauns
  17 orb spiders
  An oklob plant (Lair:6)
  A salamander (Depths:1)
  A manticore (shapeshifter) (Vaults:5)
  6 cyclopes
  5 orc sorcerers
  2 stone giant zombies (Crypt:3)
  A human zombie (Vaults:5)
  23 moths of wrath
  55 ugly things
  A shock serpent zombie (Crypt:3)
  A torpor snail (Spider:4)
  A guardian serpent (shapeshifter) (Vaults:1)
  4 black mambas
  5 merfolk sirens
  7 vault sentinels
  An ice statue (IceCv)
  Maurice (D:11)
  4 elephants
  A rust devil (Depths:3)
  A sphinx skeleton (Vaults:4)
  An elephant (shapeshifter) (Vaults:4)
  20 spiny frogs
  An orange demon (Zot:3)
  A minotaur zombie (Crypt:3)
  2 gargoyles (Depths:2)
  4 rime drakes
  35 yaktaurs
  8 freezing wraiths
  A yaktaur (shapeshifter) (Vaults:4)
  11 ice devils (IceCv)
  5 komodo dragons
  A green draconian skeleton (Crypt:3)
  A tormentor (Zot:5)
  17 demonic crawlers
  A tengu conjurer (Depths:4)
  A golden dragon simulacrum (Depths:3)
  A white draconian skeleton (Crypt:2)
  A queen bee (Lair:3)
  3 trolls
  A queen bee (shapeshifter) (Vaults:3)
  34 jumping spiders
  2 tyrant leeches (Lair:6)
  A polar bear (shapeshifter) (Depths:4)
  3 wind drakes
  8 hornets
  A bog body (Crypt:2)
  13 merfolk
  15 blink frogs
  A dream sheep (shapeshifter) (Depths:1)
  12 slime creatures
  Prince Ribbit (D:8)
  11 snapping turtles
  A frost giant simulacrum (Vaults:1)
  7 hippogriffs
  A dream sheep (Shoals:3)
  An elf skeleton (Vaults:5)
  A vampire (D:12)
  6 flying skulls
  A wyvern (shapeshifter) (Vaults:1)
  75 redbacks
  A fire dragon skeleton (Crypt:2)
  2 shadows
  A tarantella (shapeshifter) (Vaults:3)
  A spriggan simulacrum (Depths:3)
  2 spriggans (Depths:4)
  4 air elementals
  A hog (shapeshifter) (Vaults:2)
  9 water elementals
  13 wraiths
  27 tarantellas
  A wyvern (D:14)
  3 basilisks
  8 fire elementals
  Grum (D:9)
  22 yaks
  3 hungry ghosts
  4 vampire mosquitoes
  2 steam dragons
  2 hogs (D:12)
  2 neqoxecs (Depths:3)
  A chaos spawn (Depths:3)
  3 wargs
  A deep troll zombie (Vaults:5)
  A naga (shapeshifter) (Vaults:1)
  2 acid dragons (Vaults:1)
  21 bullfrogs
  4 water moccasins
  5 porcupines
  32 orc warriors
  A hornet zombie (Crypt:2)
  An elf zombie (Vaults:5)
  3 eyes of draining
  A phantom (D:4)
  2 black bears (D:12)
  2 necrophages (Crypt:2)
  3 sky beasts
  2 ice beasts
  6 wolves
  A dream sheep skeleton (Crypt:2)
  18 ogres
  8 boggarts
  25 centaurs
  A human skeleton (Vaults:4)
  A snapping turtle skeleton (Crypt:1)
  13 crocodiles
  2 big kobolds
  An octopode zombie (Crypt:3)
  3 earth elementals
  A deep troll simulacrum (Vaults:4)
  A wyvern zombie (D:13)
  A glowing shapeshifter simulacrum (Vaults:5)
  A wyvern skeleton (D:13)
  5 scorpions
  A warg skeleton (Crypt:3)
  A snapping turtle simulacrum (Crypt:2)
  22 killer bees
  4 wights (D:14)
  3 electric eels
  2 howler monkeys (D:8)
  3 crimson imps
  A bullfrog zombie (D:9)
  4 quasits
  5 hounds
  17 orc wizards
  2 bullfrog skeletons
  6 jellies
  22 orc priests
  Jessica (D:2)
  10 centaur skeletons
  A black bear skeleton (Crypt:1)
  6 iguanas
  2 hell rats (Lair:4)
  5 worker ants
  An ogre skeleton (Crypt:2)
  An ogre zombie (Crypt:3)
  A felid skeleton (Crypt:2)
  2 worker ant zombies
  13 gnolls
  10 adders
  7 river rats (Lair:4)
  A steam dragon skeleton (Crypt:1)
  A swamp drake skeleton (Crypt:2)
  4 shadow imps
  6 white imps
  6 ufetubi (IceCv)
  10 oozes
  2 adder zombies
  3 adder skeletons
  3 worms
  2 dart slugs
  5 leopard geckos
  71 orcs
  3 ball pythons
  2 giant cockroaches (Sewer)
  9 goblins
  12 hobgoblins
  2 jackals (D:1)
  4 quokkas
  2 bats
  7 frilled lizards
  28 kobolds
  A leopard gecko skeleton (Crypt:3)
  A quokka skeleton (D:9)
  A quokka zombie (Crypt:1)
  9 rats
  A rat zombie (Crypt:2)
  A spectral orc (D:3)
  A fire vortex (Lair:4)
  5 plants (Shoals:4)
  A tentacle (Shoals:2)
  4 withered plants (Crypt:3)
1988 creatures vanquished.

Vanquished Creatures (collateral kills)
  2 orbs of fire
  2 juggernauts (Depths:4)
  A Killer Klown (Zot:5)
  Saint Roka (Vaults:1)
  A caustic shrike (Depths:3)
  7 golden dragons
  Jory (Vaults:2)
  Arachne (Spider:4)
  2 electric golems (Zot:1)
  A lich (Depths:2)
  A tentacled monstrosity (Zot:4)
  An Orb Guardian (Zot:5)
  2 deep elf blademasters (Elf:3)
  3 titans
  A quicksilver dragon (Zot:2)
  A deep elf master archer (Elf:3)
  An ancient champion (Crypt:3)
  Polyphemus (Shoals:4)
  A death cob (Zot:2)
  5 sphinxes
  2 shadow dragons
  A tengu reaver (Vaults:5)
  3 storm dragons
  3 fire giants
  A frost giant (Vaults:5)
  3 deep elf sorcerers (Elf:3)
  2 iron dragons
  3 vault wardens
  An entropy weaver (Spider:3)
  3 draconian stormcallers
  2 draconian annihilators
  A juggernaut skeleton (Crypt:2)
  2 spriggan defenders (Depths:4)
  2 ironheart preservers
  3 deep elf demonologists
  3 stone giants
  7 very ugly things
  2 green draconians
  2 vampire knights
  3 white draconians (Zot:2)
  A spark wasp (Spider:3)
  7 deep elf annihilators
  A red draconian (Zot:2)
  2 purple draconians
  2 yellow draconians (Zot:1)
  3 deep elf death magi
  3 ettins
  5 merfolk javelineers (Shoals:4)
  3 jiangshi
  3 merfolk impalers
  3 great orbs of eyes
  5 yaktaur captains
  5 fire dragons
  5 deep elf high priests
  5 ice dragons
  A rakshasa (Vaults:3)
  A hydra (Lair:2)
  7 vault guards
  A catoblepas (Shoals:4)
  6 centaur warriors
  2 satyrs
  2 death knights (Vaults:1)
  6 two-headed ogres
  2 tengu warriors
  5 ogre magi
  5 merfolk aquamancers
  4 death yaks (Shoals:4)
  12 dancing weapons
  2 deep troll earth magi
  2 spriggan berserkers (Depths:2)
  3 deep troll shamans
  3 vampire magi
  2 orc high priests (Orc:2)
  12 deep elf knights
  3 hell knights
  An iron troll (Depths:5)
  9 skeletal warriors
  9 deep trolls
  A flayed ghost (Crypt:3)
  8 sea snakes
  2 phantasmal warriors
  8 harpies
  6 ironbrand convokers
  2 orc knights
  6 deep elf archers
  An oklob plant (Lair:6)
  25 ugly things
  2 orc sorcerers
  8 wolf spiders
  28 deep elf magi
  4 orb spiders
  A faun (shapeshifter) (Depths:3)
  4 cyclopes
  9 manticores
  A salamander (Depths:2)
  6 moths of wrath
  7 vault sentinels
  7 fauns
  4 merfolk sirens
  An elephant (Lair:4)
  A dire elephant zombie (Crypt:3)
  3 black mambas
  A water nymph (Shoals:4)
  A gargoyle (Depths:2)
  An ice statue (IceCv)
  A torpor snail (Spider:3)
  5 spiny frogs
  A komodo dragon (Lair:5)
  2 rime drakes (Lair:5)
  13 yaktaurs
  A tormentor (Depths:3)
  5 demonic crawlers
  4 freezing wraiths
  2 ice devils (IceCv)
  A sea snake skeleton (Crypt:2)
  A troll (D:14)
  8 jumping spiders
  A polar bear (Lair:5)
  2 tyrant leeches (Lair:6)
  16 merfolk
  6 hornets
  3 slime creatures
  2 snapping turtles
  7 blink frogs
  2 wind drakes
  A dream sheep (Shoals:3)
  3 hippogriffs
  7 flying skulls
  5 air elementals
  A shadow (Crypt:1)
  4 yaks
  25 redbacks
  5 water elementals
  A spriggan (Depths:4)
  6 wraiths
  A basilisk (Lair:5)
  10 tarantellas
  A basilisk (shapeshifter) (Vaults:1)
  5 fire elementals
  4 hogs (D:12)
  8 vampire mosquitoes
  2 wargs
  A warg (shapeshifter) (D:15)
  An acid dragon (D:14)
  A water moccasin (Lair:4)
  2 porcupines (Lair:4)
  10 orc warriors
  2 sky beasts
  4 ogres
  A necrophage (Crypt:2)
  A boggart (Depths:3)
  4 wolves (Lair:2)
  3 centaurs
  2 crocodiles
  7 bullfrogs
  An earth elemental (Elf:3)
  9 killer bees
  A wight (D:14)
  An electric eel (Lair:6)
  A lava snake (Lair:4)
  2 bullfrog zombies
  2 centaur zombies
  A quasit (Depths:3)
  3 jellies (Lair:5)
  9 orc priests
  4 hounds
  4 centaur skeletons
  6 orc wizards
  2 worker ants
  A worker ant zombie (D:8)
  An adder (D:11)
  2 gnolls
  4 river rats (Lair:4)
  A shadow imp (D:8)
  5 white imps
  An ufetubus (IceCv)
  A leopard gecko (Sewer)
  37 orcs
  2 giant cockroaches (Sewer)
  4 goblins
  3 hobgoblins (D:6)
  11 kobolds
  A ball python (Sewer)
  A frilled lizard (Sewer)
  11 plants
  A tentacle (Shoals:2)
730 creatures vanquished.

Vanquished Creatures (others)
  2 deep elf master archers (Elf:3)
  A storm dragon (Depths:3)
  A spriggan defender (Depths:3)
  2 stone giants (Vaults:5)
  3 yaktaur captains
  A death knight (Vaults:3)
  A satyr (Shoals:3)
  3 deep elf knights
  4 deep elf archers
  A deep elf mage (Elf:2)
  A cyclops (Vaults:1)
  5 yaktaurs
  2 merfolk
  A jumping spider (Spider:4)
  A redback (Spider:4)
  A hell hound (Elf:1)
  A water moccasin (Lair:5)
  An orc warrior (Orc:2)
  A sky beast (D:12)
  An ogre (Depths:3)
  A crocodile (Lair:5)
  A bullfrog (shapeshifter) (Depths:3)
  A killer bee (Lair:3)
  43 knights
  An orc wizard (Orc:2)
  2 ancestors
  2 white imps (IceCv)
  An ufetubus (IceCv)
  An orc (Orc:2)
  A fire vortex (Lair:4)
  16 fungi
  47 plants
  6 tentacles (Shoals:2)
  4 toadstools (D:3)
  A withered plant (Crypt:3)
162 creatures vanquished.

Grand Total: 2880 creatures vanquished

Notes
Turn   | Place    | Note
-------+----------+-------------------------------------------
     0 | D:1      | Mesmaeker13 the Formicid Fighter began the quest for the
                  | Orb.
     0 | D:1      | Reached XP level 1. HP: 18/18 MP: 1/1
   285 | D:1      | Reached XP level 2. HP: 24/24 MP: 2/2
   648 | D:2      | Noticed Jessica
   657 | D:2      | Reached XP level 3. HP: 23/29 MP: 3/3
   660 | D:2      | Killed Jessica
   664 | D:2      | Reached XP level 4. HP: 24/37 MP: 4/4
  1444 | D:3      | Found a basalt altar of Yredelemnul.
  1497 | D:3      | Reached XP level 5. HP: 42/42 MP: 5/5
  1751 | D:3      | Found an ornate altar of the Wu Jian Council.
  2060 | D:3      | Reached XP level 6. HP: 44/49 MP: 6/6
  2066 | D:3      | Reached skill level 5 in Shields
  2773 | D:4      | Noticed a phantom
  2831 | D:4      | Killed a phantom
  2835 | D:4      | Reached skill level 5 in Fighting
  2835 | D:4      | Reached XP level 7. HP: 35/56 MP: 7/7
  3152 | D:4      | Reached skill level 5 in Armour
  3445 | D:5      | Entered Level 5 of the Dungeon
  3751 | D:5      | Found an iron altar of Okawaru.
  4242 | D:6      | Reached XP level 8. HP: 63/63 MP: 8/8
  4281 | D:6      | Found a hazy altar of Hepliaklqana.
  4292 | D:6      | Became a worshipper of Hepliaklqana the Forgotten
  4343 | D:6      | Found a staircase to the Ecumenical Temple.
  4344 | D:6      | Found a blossoming altar of Fedhas.
  4361 | D:6      | Found a glowing drain.
  4381 | Sewer    | Entered a sewer
  4708 | Sewer    | Identified the Volume of Spatial Hexes
  4985 | D:6      | Reached skill level 5 in Polearms
  5102 | D:6      | Reached XP level 9. HP: 33/63 MP: 9/9
  5412 | D:6      | Found a stormy altar of Qazlal.
  6100 | D:7      | Found a bloodstained altar of Trog.
  6100 | D:7      | Noticed a hippogriff
  6106 | D:7      | Killed a hippogriff
  6190 | D:7      | Found Cublajacy's Jewellery Emporium.
  6475 | D:7      | Noticed a hippogriff
  6488 | D:7      | Killed a hippogriff
  6488 | D:7      | Reached XP level 10. HP: 58/72 MP: 10/10
  6801 | D:8      | Reached skill level 1 in Evocations
  6989 | D:8      | Reached * piety under Hepliaklqana
  7293 | D:8      | Noticed Prince Ribbit
  7301 | D:8      | Killed Prince Ribbit
  7374 | D:8      | Found a shattered altar of Ashenzari.
  7405 | D:8      | Found a glowing silver altar of Zin.
  8179 | D:9      | Found a staircase to the Lair.
  8434 | D:9      | Noticed Grum
  8457 | D:9      | Killed Grum
  8711 | D:9      | Noticed a two-headed ogre
  8721 | D:9      | Killed a two-headed ogre
  8721 | D:9      | Reached XP level 11. HP: 56/80 MP: 12/14
  8910 | D:9      | Reached skill level 10 in Shields
  8956 | D:10     | Entered Level 10 of the Dungeon
  9152 | D:10     | Reached ** piety under Hepliaklqana
  9153 | D:10     | Remembered your ancestor Namzu as a knight
  9173 | D:10     | Found Ryomeij's Gadget Shoppe.
  9175 | D:10     | Noticed Nergalle
  9187 | D:10     | Killed Nergalle
  9187 | D:10     | Reached skill level 5 in Evocations
  9396 | D:10     | Found Suskimma's Food Boutique.
  9482 | D:10     | Found Ihoicacha's Armour Emporium.
  9487 | D:10     | Bought a +0 cloak of invisibility for 161 gold pieces
  9802 | Lair:1   | Entered Level 1 of the Lair of Beasts
 10206 | Lair:1   | Identified a scroll of acquirement
 10532 | Lair:1   | Reached *** piety under Hepliaklqana
 11276 | Lair:2   | Reached skill level 10 in Fighting
 11401 | Lair:2   | Reached skill level 10 in Armour
 11528 | Lair:2   | Reached XP level 12. HP: 87/87 MP: 16/16
 12031 | Lair:2   | Noticed a six-headed hydra
 12039 | Lair:2   | Killed a six-headed hydra
 12665 | Lair:3   | Noticed a five-headed hydra
 12674 | Lair:3   | Killed a five-headed hydra
 12778 | Lair:3   | Noticed an eight-headed hydra
 12793 | Lair:3   | Killed an eight-headed hydra
 13027 | Lair:3   | Found a staircase to the Shoals.
 14068 | Lair:4   | Reached **** piety under Hepliaklqana
 14084 | Lair:4   | Reached XP level 13. HP: 91/95 MP: 18/18
 14172 | Lair:4   | Reached skill level 10 in Polearms
 14339 | Lair:4   | Found a hole to the Spider Nest.
 14816 | Lair:4   | Found a large runed translucent door.
 14816 | Lair:4   | Found a large runed translucent door.
 14840 | Lair:4   | Noticed Vufrucs's ghost (journeyman DrTm)
 15407 | Lair:5   | Noticed Rupert
 15436 | Lair:5   | Killed Rupert
 15590 | Lair:5   | Found a staircase to the Slime Pits.
 16135 | Lair:6   | Entered Level 6 of the Lair of Beasts
 16647 | Lair:6   | Reached XP level 14. HP: 48/103 MP: 21/21
 17325 | Lair:6   | Reached ***** piety under Hepliaklqana
 17341 | Lair:6   | Reached skill level 10 in Evocations
 17388 | Lair:6   | Got a fine falchion
 18269 | Lair:6   | Got an iridescent flail
 18567 | Lair:4   | Identified the cursed +0 flail of Hubris {chaos, *Rage +Fly
                  | rPois Int+7 Stlth+} (You found it on level 6 of the Lair of
                  | Beasts)
 18570 | Lair:4   | Identified the +9 falchion of Arrival {antimagic, rElec
                  | Str+10 Int-5} (You found it on level 6 of the Lair of
                  | Beasts)
 18725 | D:11     | Noticed Maurice
 18751 | D:11     | Killed Maurice
 18804 | D:11     | Noticed Urug
 18814 | D:11     | Killed Urug
 19043 | D:11     | Got a shimmering chain mail
 19054 | D:11     | Identified the cursed +0 chain mail of Elyvilon's Reproof
                  | {+Blink rCorr Dex-2} (You found it on level 11 of the
                  | Dungeon)
 19185 | D:11     | Found a transporter.
 19186 | D:11     | Noticed an orc warlord
 19190 | D:11     | Noticed Noname's ghost (journeyman DgFE)
 19198 | D:11     | Found a transporter.
 19405 | D:12     | Found Zatirch's Weapon Emporium.
 19458 | D:12     | Found a staircase to the Orcish Mines.
 19632 | D:12     | Noticed Frances
 19641 | D:12     | Killed Frances
 19641 | D:12     | Reached XP level 15. HP: 37/110 MP: 22/22
 19834 | D:12     | Found Bymm's Weapon Emporium.
 19865 | D:12     | Noticed Kirke
 19878 | D:12     | Killed Kirke
 19901 | D:12     | Found Taebat's Distillery.
 19904 | D:12     | Bought a potion of curing for 48 gold pieces
 19904 | D:12     | Bought a potion of heal wounds for 80 gold pieces
 19904 | D:12     | Bought a potion of invisibility for 128 gold pieces
 20039 | D:12     | Found Rawygomp's Assorted Antiques.
 20139 | D:12     | Bought a scroll labeled HEN VESHOV for 34 gold pieces
 20664 | D:13     | Found a basalt altar of Yredelemnul.
 21181 | D:14     | Reached ****** piety under Hepliaklqana
 21572 | D:14     | Found a gate to the Vaults.
 21634 | D:14     | Reached skill level 15 in Shields
 22185 | D:15     | Entered Level 15 of the Dungeon
 22216 | D:15     | Identified Roxanne's Handbook of the Mountains
 22216 | D:15     | Noticed Roxanne
 22272 | D:15     | Reached XP level 16. HP: 94/119 MP: 23/23
 23094 | D:15     | Found a staircase to the Depths.
 23338 | D:15     | Killed Roxanne
 23685 | Orc:1    | Entered Level 1 of the Orcish Mines
 23700 | Orc:1    | Found Fashrathu's Gadget Emporium.
 23827 | Orc:1    | Found Tiydaott's Antique Armour Emporium.
 24127 | Orc:1    | Found Kaxoliw's Distillery.
 24133 | Orc:1    | Found a flagged portal.
 24139 | Bailey   | Entered a bailey
 24310 | Bailey   | Reached skill level 1 in Throwing
 24415 | Orc:1    | Bought a potion of heal wounds for 75 gold pieces
 24415 | Orc:1    | Bought 2 potions of curing for 90 gold pieces
 24415 | Orc:1    | Bought a potion of curing for 45 gold pieces
 24499 | Orc:2    | Entered Level 2 of the Orcish Mines
 24680 | Orc:2    | Noticed Jorgrun
 24757 | Orc:1    | Killed Jorgrun
 24853 | Orc:2    | Noticed Josephine
 24859 | Orc:2    | Killed Josephine
 24919 | Orc:2    | Found a staircase to the Elven Halls.
 25079 | Orc:2    | Reached skill level 15 in Fighting
 25210 | Orc:2    | Reached skill level 15 in Armour
 25412 | Orc:2    | Noticed Erolcha
 25417 | Orc:2    | Killed Erolcha
 25448 | Orc:2    | Found Cisot's Assorted Antiques.
 25448 | Orc:2    | Found Ceel's Jewellery Boutique.
 25449 | Orc:2    | Found Fuaggyhisu's Jewellery Emporium.
 25449 | Orc:2    | Found Erhoach's Armour Emporium.
 25458 | Orc:2    | Bought the amulet of Rekhyilo {rC++ rN+ Regen+} for 880
                  | gold pieces
 25545 | Orc:2    | Bought the ring of Phasing {EV+8} for 1280 gold pieces
 25545 | Orc:2    | Found the ring of Phasing {EV+8}
 25635 | Orc:2    | Bought an uncursed ring of poison resistance for 200 gold
                  | pieces
 25848 | Spider:1 | Entered Level 1 of the Spider Nest
 26077 | Spider:1 | Reached XP level 17. HP: 107/127 MP: 24/24
 26095 | Spider:1 | Identified Siappoi's Reference Book on Earthen Venom
 26975 | Spider:2 | Reached skill level 5 in Throwing
 27720 | Spider:2 | Got a bone arbalest
 27807 | Spider:2 | Identified the cursed +1 arbalest of Honour {flame, *Slow
                  | Int+4 Dex+5} (You found it on level 2 of the Spider Nest)
 28921 | Spider:4 | Entered Level 4 of the Spider Nest
 28925 | Spider:4 | Reached XP level 18. HP: 135/135 MP: 25/25
 29536 | Spider:4 | Reached skill level 15 in Polearms
 29600 | Spider:4 | Noticed Arachne
 29616 | Spider:4 | Killed Arachne
 31608 | Spider:4 | Got a gossamer rune of Zot
 31919 | Shoals:1 | Entered Level 1 of the Shoals
 32046 | Shoals:1 | Found Raunom's Jewellery Boutique.
 32065 | Shoals:1 | Reached XP level 19. HP: 143/143 MP: 26/26
 32210 | Shoals:1 | Found a runed translucent gate.
 32210 | Shoals:1 | Found a runed translucent gate.
 32210 | Shoals:1 | Found a runed translucent gate.
 32213 | Shoals:1 | Noticed ShutUppercut's ghost (adept SpEn)
 32954 | Shoals:2 | Found a runed translucent gate.
 32955 | Shoals:2 | Found a runed translucent gate.
 32956 | Shoals:2 | Found a runed translucent gate.
 32957 | Shoals:2 | Noticed Ettath's ghost (journeyman HOFi)
 34054 | Shoals:3 | Found Yleycum's Antique Armour Boutique.
 34062 | Shoals:3 | Bought an ancient chain mail for 342 gold pieces
 34064 | Shoals:3 | Got a fine scale mail
 34076 | Shoals:3 | Identified the +0 chain mail "Reniur" {rN+ Regen+ Stlth+}
                  | (You bought it in a shop on level 3 of the Shoals)
 34086 | Shoals:3 | Identified the +3 scale mail "Rymiux" {+Fly rF- Dex+6 SInv}
                  | (You found it on level 3 of the Shoals)
 34356 | Orc:2    | Bought an uncursed ring of protection from magic for 250
                  | gold pieces
 34628 | Shoals:1 | Killed ShutUppercut's ghost
 34751 | Shoals:1 | Got an ancient hat
 34847 | Shoals:4 | Entered Level 4 of the Shoals
 35620 | Shoals:4 | Noticed Polyphemus
 35628 | Shoals:4 | Killed Polyphemus
 35772 | Shoals:4 | Reached XP level 20. HP: 128/153 MP: 27/27
 36312 | Shoals:4 | Found a runed translucent door.
 36313 | Shoals:4 | Noticed PlayerOfArmor's ghost (adept HOFi)
 36785 | Shoals:4 | Got a barnacled rune of Zot
 37335 | Depths:1 | Entered Level 1 of the Depths
 37705 | Depths:1 | Found a runed translucent gate.
 37705 | Depths:1 | Found a runed translucent gate.
 37707 | Depths:1 | Found a runed translucent gate.
 37712 | Depths:1 | Noticed WeeknightWizard's ghost (veteran DEFE)
 37712 | Depths:1 | Noticed an ancient lich
 37877 | Depths:1 | Noticed Margery
 37894 | Depths:1 | Killed Margery
 38110 | Depths:1 | Found a one-way gate leading to the halls of Pandemonium.
 38327 | Depths:1 | Found a gateway to Hell.
 38427 | Depths:1 | Noticed a lich
 38446 | Depths:1 | Killed a lich
 38662 | Depths:1 | Found a shimmering blue altar of Sif Muna.
 39270 | Depths:1 | Reached XP level 21. HP: 118/162 MP: 28/28
 39830 | Depths:2 | Noticed a golden dragon
 39894 | Depths:2 | Found a bloodstained altar of Trog.
 40528 | Depths:2 | Noticed an ancient lich
 40536 | Depths:2 | Killed an ancient lich
 40675 | Depths:3 | Noticed a lich
 40713 | Depths:2 | Killed a lich
 41215 | Depths:3 | Reached XP level 22. HP: 129/171 MP: 29/29
 41596 | Depths:2 | Killed a golden dragon
 41660 | Depths:3 | Found a gateway to a ziggurat.
 42958 | Depths:3 | Gained mutation: You are weak. (Str -2) [a neqoxec]
 42959 | Depths:3 | Gained mutation: You are clumsy. (Dex -2) [a neqoxec]
 42961 | Depths:3 | Gained mutation: Your spells are a little harder to cast,
                  | but a little more powerful. [a neqoxec]
 43134 | Depths:3 | Noticed a caustic shrike
 43148 | Depths:3 | Killed a caustic shrike
 43602 | Depths:3 | Identified the cursed +2 shortbow "Concordance" {flame,
                  | rN++ Str+4 Int-3 Stlth+}
 44031 | Depths:3 | Identified the Handbook of the Last Ships
 44122 | Depths:3 | Reached XP level 23. HP: 179/179 MP: 30/30
 44722 | Elf:1    | Entered Level 1 of the Elven Halls
 44764 | Elf:1    | Noticed Azrael
 44790 | Elf:1    | Killed Azrael
 45095 | Elf:1    | Noticed Louise
 45110 | Elf:1    | Killed Louise
 45129 | Elf:1    | Found Kirur's Assorted Antiques.
 45138 | Elf:1    | Bought a potion of might for 132 gold pieces
 46230 | Elf:2    | Found a frozen archway.
 46241 | IceCv    | Entered an ice cave
 46766 | Elf:2    | Found a huge runed translucent gate.
 46769 | Elf:2    | Found a huge runed translucent gate.
 46769 | Elf:2    | Found a huge runed translucent gate.
 46770 | Elf:2    | Found a huge runed translucent gate.
 46771 | Elf:2    | Found a huge runed translucent gate.
 47886 | Elf:2    | Reached XP level 24. HP: 147/189 MP: 18/30
 48075 | Elf:3    | Entered Level 3 of the Elven Halls
 48627 | Elf:3    | Reached skill level 1 in Dodging
 48909 | Elf:3    | Identified the amulet "Ymomuher" {Reflect rElec rN++ Int-2
                  | SH+2}
 48932 | Elf:3    | Reached skill level 1 in Invocations
 49016 | Elf:3    | Identified the ring of Fopemez {Dex+3 SInv}
 49607 | Elf:3    | Identified the ring of Haocat {Wiz Str+3 SInv}
 49678 | Elf:3    | Identified the +5 plate armour of the Invisible Hells
                  | {Stlth+}
 49723 | Elf:3    | Reached skill level 5 in Invocations
 49757 | Elf:3    | Reached skill level 5 in Dodging
 49883 | Elf:3    | Identified the Incunabulum of Supportive Orientation
 49912 | Elf:3    | Identified the ring of the Prince of Darkness {Fire +Fly
                  | rN+ Str+5}
 50576 | Vaults:1 | Entered Level 1 of the Vaults
 50649 | Vaults:1 | Noticed Saint Roka
 50690 | Vaults:1 | Killed Saint Roka
 50993 | Vaults:1 | Noticed Aizul
 51003 | Vaults:1 | Killed Aizul
 51082 | Vaults:1 | Reached XP level 25. HP: 173/194 MP: 30/30
 51420 | Vaults:1 | Noticed Donald
 51427 | Vaults:1 | Killed Donald
 51767 | Vaults:1 | Found Were Rea's Food Boutique.
 51853 | Vaults:1 | Found Ushujaiqo's Weapon Shoppe.
 51967 | Vaults:2 | Noticed Asterion
 51992 | Vaults:2 | Killed Asterion
 52200 | Vaults:2 | Noticed Jory
 52211 | Vaults:2 | Killed Jory
 52357 | Vaults:2 | Noticed Frederick
 52364 | Vaults:2 | Killed Frederick
 53223 | Vaults:3 | Noticed Nikola
 53235 | Vaults:3 | Killed Nikola
 53502 | Vaults:3 | Found Lam Lue's Antique Armour Shoppe.
 53511 | Vaults:3 | Bought a pair of embroidered boots for 210 gold pieces
 53511 | Vaults:3 | Bought a pair of runed gloves for 210 gold pieces
 53727 | Vaults:3 | Reached skill level 10 in Dodging
 53821 | Vaults:3 | Found Erghoodgh's Antique Weapon Boutique.
 53845 | Vaults:3 | Found Iptalare's Weapon Emporium.
 54003 | Vaults:3 | Reached XP level 26. HP: 175/201 MP: 30/30
 54388 | Vaults:3 | Found Kitiwn's Book Emporium.
 54416 | Vaults:3 | Found a staircase to the Crypt.
 54479 | Crypt:1  | Entered Level 1 of the Crypt
 54897 | Vaults:4 | Gained mutation: You have sharp fingernails. [a cacodemon]
 55274 | Vaults:4 | Found Gughes's Distillery.
 56621 | Depths:4 | Noticed a juggernaut
 56641 | Depths:4 | Killed a juggernaut
 56658 | Depths:4 | Reached XP level 27. HP: 163/207 MP: 30/30
 57035 | Depths:4 | Found a one-way gate to the infinite horrors of the Abyss.
 57238 | Depths:4 | You fall into a shaft and drop 1 floor!
 57238 | Depths:5 | Entered Level 5 of the Depths
 57570 | Depths:4 | Noticed a juggernaut
 57580 | Depths:4 | Killed a juggernaut
 57960 | Depths:4 | Noticed a juggernaut
 57966 | Depths:4 | Killed a juggernaut
 58816 | Depths:5 | Found a gate to the Realm of Zot.
 60186 | Vaults:5 | Entered Level 5 of the Vaults
 61468 | Vaults:5 | Noticed an ancient lich
 61483 | Vaults:5 | Killed an ancient lich
 61629 | Vaults:5 | Noticed an ancient lich
 61633 | Vaults:5 | Killed an ancient lich
 62838 | Vaults:5 | Got a silver rune of Zot
 62927 | Vaults:5 | Noticed an ancient lich
 62937 | Vaults:5 | Killed an ancient lich
 63895 | D:11     | Killed Noname's ghost
 63954 | D:12     | Bought a scroll of enchant armour for 255 gold pieces
 63954 | D:12     | Bought a scroll of enchant armour for 255 gold pieces
 64119 | Lair:4   | Killed Vufrucs's ghost
 64133 | Lair:4   | Got a faintly glowing great sword
 64213 | Lair:1   | Identified the cursed +1 great sword "Undertaker"
                  | {antimagic, *Drain +Blink +Fly Stlth+} (You found it on
                  | level 4 of the Lair of Beasts)
 64513 | Crypt:1  | Found a basalt altar of Yredelemnul.
 66419 | Crypt:2  | Got a fine ruby amulet
 66421 | Crypt:2  | Got a shimmering lead ring
 66429 | Crypt:2  | Identified the amulet of Peemaj {Gourm rC+} (You found it
                  | on level 2 of the Crypt)
 66430 | Crypt:2  | Identified the ring "Ziryud" {rElec rPois Str-4 Int+4 SInv}
                  | (You found it on level 2 of the Crypt)
 66580 | Crypt:3  | Entered Level 3 of the Crypt
 67006 | Crypt:3  | Found a staircase to the Tomb.
 67436 | Crypt:3  | Found an ancient bone altar of Kikubaaqudgha.
 67857 | Crypt:3  | Got a transparent tin ring
 67869 | Crypt:3  | Got a translucent lapis lazuli ring
 67872 | Crypt:3  | Identified the Papyrus of Evil Arts
 67887 | Crypt:3  | Identified the ring of Pyromania {rF+ Stlth+} (You found it
                  | on level 3 of the Crypt)
 67888 | Crypt:3  | Identified the ring of the Villain {rPois rCorr} (You found
                  | it on level 3 of the Crypt)
 68382 | Zot:1    | Entered Level 1 of the Realm of Zot
 70248 | Zot:2    | Noticed an ancient lich
 70252 | Zot:2    | Found a transporter.
 70252 | Zot:2    | Noticed runemage's ghost (legendary GnFi)
 70264 | Zot:2    | Found a transporter.
 70756 | Zot:5    | Entered Level 5 of the Realm of Zot
 71137 | Zot:4    | Reached skill level 15 in Evocations
 71428 | Zot:5    | Noticed a Killer Klown
 71446 | Zot:5    | Killed a Killer Klown
 71754 | Zot:5    | Noticed an orb of fire
 71757 | Zot:5    | Noticed an orb of fire
 71763 | Zot:5    | Noticed an orb of fire
 71765 | Zot:5    | Noticed an orb of fire
 71766 | Zot:5    | Noticed an orb of fire
 71768 | Zot:5    | Noticed an orb of fire
 71779 | Zot:4    | Gained mutation: You do not regenerate when monsters are
                  | visible. [an orb of fire]
 71790 | Zot:4    | Killed an orb of fire
 72031 | Zot:5    | Noticed an orb of fire
 72036 | Zot:5    | Killed an orb of fire
 72041 | Zot:5    | Gained mutation: You are very weak. (Str -4) [an orb of
                  | fire]
 72042 | Zot:5    | Noticed an orb of fire
 72053 | Zot:4    | Killed an orb of fire
 72270 | Zot:5    | Killed an orb of fire
 72273 | Zot:5    | Noticed a Killer Klown
 72504 | Zot:4    | Lost mutation: Your spells are a little harder to cast, but
                  | a little more powerful. [an orb of fire]
 72514 | Zot:4    | Killed an orb of fire
 72843 | Lair:1   | Lost mutation: You do not regenerate when monsters are
                  | visible. [potion of mutation]
 72843 | Lair:1   | Lost mutation: You are very weak. (Str -4) [potion of
                  | mutation]
 72843 | Lair:1   | Lost mutation: You have sharp fingernails. [potion of
                  | mutation]
 72843 | Lair:1   | Lost mutation: You are weak. (Str -2) [potion of mutation]
 72843 | Lair:1   | Gained mutation: Scrolls take you a little longer to read.
                  | [potion of mutation]
 72843 | Lair:1   | Gained mutation: You expend magic power (3 MP) to
                  | strengthen your wands. [potion of mutation]
 73144 | Zot:5    | Noticed a Killer Klown
 73147 | Zot:5    | Killed a Killer Klown
 73149 | Zot:5    | Noticed an orb of fire
 73152 | Zot:5    | Noticed an ancient lich
 73154 | Zot:5    | Lost mutation: You are clumsy. (Dex -2) [an orb of fire]
 73163 | Zot:4    | Killed a Killer Klown
 73362 | Zot:5    | Gained mutation: You are partially covered in molten
                  | scales. (AC +2) [an orb of fire]
 73366 | Zot:5    | Gained mutation: You are frail. (-10% HP) [an orb of fire]
 73371 | Zot:5    | Killed an orb of fire
 73374 | Zot:5    | Noticed a Killer Klown
 73381 | Zot:5    | Killed a Killer Klown
 73381 | Zot:5    | Reached skill level 5 in Stealth
 73456 | Zot:5    | Noticed a Killer Klown
 73466 | Zot:5    | Killed a Killer Klown
 73495 | Zot:5    | Killed an ancient lich
 73502 | Zot:5    | Killed an orb of fire
 73682 | Zot:5    | Gained mutation: You do not regenerate when monsters are
                  | visible. [an orb of fire]
 73693 | Zot:5    | Killed an orb of fire
 73694 | Zot:5    | Lost mutation: Scrolls take you a little longer to read.
                  | [potion of mutation]
 73694 | Zot:5    | Lost mutation: You do not regenerate when monsters are
                  | visible. [potion of mutation]
 73694 | Zot:5    | Lost mutation: You are frail. (-10% HP) [potion of
                  | mutation]
 73694 | Zot:5    | Gained mutation: Your body sometimes deteriorates upon
                  | taking damage. [potion of mutation]
 73694 | Zot:5    | Gained mutation: Your muscles are strong. (Str +2) [potion
                  | of mutation]
 73913 | Zot:5    | Noticed an ancient lich
 73927 | Zot:5    | Killed an ancient lich
 74053 | Zot:5    | Noticed an orb of fire
 74081 | Zot:5    | Killed an orb of fire
 74640 | Zot:5    | Gained mutation: Your magical capacity is low. (-10% MP)
                  | [an orb of fire]
 74643 | Zot:5    | Gained mutation: Scrolls take you a little longer to read.
                  | [an orb of fire]
 74650 | Zot:5    | Reached skill level 10 in Stealth
 74664 | Zot:5    | Gained mutation: Your body often deteriorates upon taking
                  | damage. [an orb of fire]
 74676 | Zot:5    | Killed an orb of fire
 75041 | Zot:5    | Reached skill level 27 in Armour
 75082 | Zot:5    | Reached skill level 27 in Fighting
 75118 | Zot:5    | Got the Orb of Zot
 75365 | Zot:2    | Noticed Upuaza the pandemonium lord
 75374 | Zot:1    | Noticed Nacah the pandemonium lord
 75386 | Zot:1    | HP: 11/224 [sixfirhy[a cacodemon] (6)]
 75386 | Zot:1    | Slain by a sixfirhy

Levels and vault maps discovered:
D:1:      mrwooster_arrival_statue_2, layout_basic, st_stairs_14,
          chequers_serial_rivers_micro_d
D:2:      layout_rooms, first_ration, uniq_jessica
D:3:      cheibrodos_fertilizer, layout_basic, lemuel_round_altar,
          yredelemnul_forgotten_temple_becter
D:4:      layout_basic
D:5:      layout_basic, basic_altar
D:6:      kennysheep_housing_project, layout_rooms, fedhas_altar_3,
          nicolae_overflow_crystal_walls, minmay_temple_entry_glass,
          cheibrodos_sewer_entry_drain, nicolae_qazlal_eye_of_the_storm
D:7:      layout_basic, lightli_temple_of_fire, serial_shops, shop
D:8:      layout_layer_cave, ashenzari_altar_1, basic_altar, uniq_prince_ribbit1
D:9:      layout_roguey [special_room_orc], lair_entry_dummy, uniq_grum
D:10:     layout_long_grid, serial_shops, nicolae_shop_trees,
          nicolae_shop_trees, kennysheep_little_box, uniq_nergalle
D:11:     layout_roguey, gammafunk_ghost_arena, grunt_pizzeria, uniq_urug,
          uniq_maurice
D:12:     layout_roguey [special_room_orc], serial_shops, shop, shop,
          nicolae_shop_stone, nicolae_shop_behind_doors,
          hangedman_abyss_or_decor_clamps, uniq_frances, uniq_kirke
D:13:     layout_grid_maze, yredelemnul_altar_generic
D:14:     layout_stronghold, erik_vaults_1, kennysheep_nondescript, hex_medium
D:15:     hangedman_depths_entry_try_elsewhere_first, layout_irregular_city,
          uniq_roxanne
Lair:1:   layout_regular_city, serial_bayou_shore_a
Lair:2:   layout_cave_pods, serial_bayou_shore_b, grunt_megastairs_5
Lair:3:   layout_loops_ring, minmay_shoals_entry_lonely_mermaid, special_room
          [special_room_bee], minmay_stone_trees_medium, lemuel_fruit_fields
Lair:4:   layout_gridlike, spider_nest_entry_web_field,
          ebering_ghost_disaster_area, kennysheep_rathole, lemuel_fruit_tree
Lair:5:   layout_loops_ring, nicolae_slime_entry_slimehenge,
          minmay_lair_drake_nest, uniq_rupert
Lair:6:   minmay_lair_end_frog_pond, layout_cave_shapes, grunt_megastairs_3,
          minmay_lair_oklob_chamber
Shoals:1: nicolae_shoals_island_circles, layout_shoals,
          gammafunk_ghost_tricky_traps, minmay_shop_enchanted_jewellery
Shoals:2: layout_shoals, gammafunk_ghost_necromancy
Shoals:3: layout_shoals, serial_shops, shop, ldierk_geyser
Shoals:4: shoals_end_simple, layout_shoals, ebering_ghost_reflecting_pool,
          uniq_polyphemus
Spider:1: layout_spider_delve
Spider:2: layout_spider_delve
Spider:3: layout_spider_delve, drop_trap
Spider:4: guppyfry_spider_rune, nicolae_spider_webs_and_nodes,
          nicolae_arachne_temple
Orc:1:    layout_caves, serial_shops, shop, shop, shop, enter_bailey_3
Orc:2:    st_orc_elflike, layout_caves, rock_pile, uniq_erolcha, uniq_jorgrun,
          uniq_josephine
Elf:1:    eino_elf_arrival_shootout, layout_loops_ring, serial_shops,
          nicolae_shop_competitors_out_of_business, evilmike_minifort,
          minivault_19, grunt_ministairs_3, uniq_azrael, uniq_louise
Elf:2:    layout_onion_city, portal_ice_cave_entry_pillars_three,
          guppyfry_elf_castle
Elf:3:    minmay_elf_hall_furrowed, layout_onion_city
Vaults:1: ontoclasm_vaults_claustrophobia, hangedman_vaults_slither,
          vaults_room_grunt_arrival_ludios, nicolae_vaults_little_squares_6,
          hangedman_vaults_stagger, v_pattern_3,
          ontoclasm_vaults_decontamination, vaults_room_ringed_pool,
          hangedman_vaults_stream, nicolae_vaults_alarming,
          vaults_room_mumra_shop_pool, nicolae_vaults_little_squares_1,
          vaults_room_stairs_pillars, vaults_dpeg_diagonal,
          layout_vaults_omnicross, serial_shops, nicolae_shop_behind_doors,
          uniq_aizul, uniq_donald, uniq_saint_roka
Vaults:2: nicolae_vaults_rhombus_7, nicolae_vaults_big_angled_halls,
          vaults_dpeg_doors, ontoclasm_vaults_ring_large,
          nicolae_vaults_little_ls, nicolae_vaults_murderbox,
          ontoclasm_vaults_chip, grunt_vaults_hallway_short,
          layout_vaults_omnigrid, uniq_frederick, uniq_asterion, uniq_jory
Vaults:3: minmay_crypt_entry_simple_box, hangedman_vaults_stretched_pinwheel,
          nicolae_vaults_bisected_exclaves, nicolae_vaults_big_ls,
          vaults_room_large_hall, nicolae_vaults_border_crossing,
          ontoclasm_vaults_chip, v_rooms_4, ontoclasm_vaults_eye, v_misc_19,
          st_lattice, nicolae_vaults_little_squares_6,
          ontoclasm_vaults_loading_screen, layout_vaults_omnibox, serial_shops,
          shop, shop, nicolae_shop_temple_entry_statues_fountains,
          nicolae_shop_crystal, uniq_nikola
Vaults:4: v_alt_pattern_4, hangedman_vaults_variations, v_misc_18, v_rooms_5,
          v_misc_19, vaults_mumra_hex, v_misc_23,
          nicolae_vaults_yaktaur_gun_rack, vaults_room_semicircle, v_misc_12,
          ontoclasm_vaults_pinch, nicolae_vaults_ring_of_whatevers,
          vaults_dpeg_ring, layout_vaults_ring, serial_shops, shop_coins
Vaults:5
Crypt:1:  layout_misc_corridors, basic_altar, due_unseen_surprise,
          grunt_crypt_arrival_split
Crypt:2:  statuecave_lemuel, layout_gridlike, grunt_megastairs_4
Crypt:3:  church_of_pain_bobbens, layout_chaotic_city,
          tomb_entry_forgotten_bobbens
Depths:1: layout_gridlike, gammafunk_ghost_necromancy, lemuel_crystal_altar,
          pan_entry, grunt_metal_band
Depths:2: constructs_gauntlet_mu_hangedman, layout_cave_pools, pan_entry,
          hangedman_coc_ice_floe, serial_column_ruins,
          column_ruins_temple_circle, column_ruins_hut_water,
          column_ruins_grid_1, column_ruins_open_medium_water,
          column_ruins_columns_straight, column_ruins_columns_T,
          column_ruins_open_small, lightli_corner_chamber
Depths:3: minmay_the_grid_square_5x5_5x5 [minmay_the_grid_square_5x5_gyroscope,
          minmay_the_grid_square_5x5_six,
          minmay_the_grid_square_5x5_beaten_path,
          minmay_the_grid_square_5x5_two_walls_a,
          minmay_the_grid_square_5x5_n_small,
          minmay_the_grid_square_5x5_six_small,
          minmay_the_grid_square_5x5_prize_snowflake,
          minmay_the_grid_square_5x5_inner_i,
          minmay_the_grid_square_5x5_prize_pseudospiral,
          minmay_the_grid_square_5x5_eight,
          minmay_the_grid_square_5x5_trominoes,
          minmay_the_grid_square_5x5_forky,
          minmay_the_grid_square_5x5_prize_monsterx,
          minmay_the_grid_square_5x5_checkered_sparse,
          minmay_the_grid_square_5x5_dogpile, minmay_the_grid_square_5x5_c,
          minmay_the_grid_square_5x5_prize_rear_guard,
          minmay_the_grid_square_5x5_two_small,
          minmay_the_grid_square_5x5_prize_deathbox,
          minmay_the_grid_square_5x5_tri_point,
          minmay_the_grid_square_5x5_moneybag,
          minmay_the_grid_square_5x5_intrusive_squares,
          minmay_the_grid_square_5x5_checkered,
          minmay_the_grid_square_5x5_minivault, minmay_the_grid_square_5x5_v],
          layout_gridville, enter_ziggurat_e, grunt_pan_entry_spiral,
          minmay_misc_feat_ornament, grunt_hell_entry_dis_grunt
Depths:4: lemuel_traditional_vault, layout_basic, abyss_entry_small_statue_room,
          hell_entry, minmay_misc_feat_doors, minmay_swirly_circle,
          infiniplex_staircase_pool_2, firewood_loft
Depths:5: grunt_x_marks_the_spot, layout_cave_shapes, hell_entry,
          serial_bayou_shore_b
Zot:1:    layout_onion_interference, hangedman_zot_decor_slant
Zot:2:    kennysheep_spiral_hall, layout_onion, gammafunk_ghost_mausoleum
Zot:3:    layout_concentric_octagons
Zot:4:    layout_basic, st_stairs_12, grunt_ministairs_4,
          st_small_dragon_hoard_3
Zot:5:    layout_misc_corridors, bh_zot_lava_cross

Skill      XL: |  1  2  3  4  5  6  7  8  9 10 11 12 13 14 15 16 17 18 19 20 21 22 23 24 25 26 27 |
---------------+----------------------------------------------------------------------------------+-----
Shields        | 4 5 6 7 8 9 10 11 13 14 15 | 15.0
Fighting       | 4 5 6 7 9 10 11 12 13 14 15 16 18 19 20 21 27 | 27.0
Armour         | 4 5 6 7 9 10 11 12 13 14 15 16 18 19 20 21 27 | 27.0
Polearms       | 3 4 5 6 7 8 9 10 11 12 13 14 15 16 17 18 19 20 21 22 23 26 | 26.0
Evocations     | 4 6 7 9 10 16 | 16.0
Throwing       | 3 6 9 |  9.0
Dodging        | 6 10 12 | 12.4
Invocations    | 7 8 |  8.0
Stealth        | 11 | 11.6

Action                   |  1- 3 |  4- 6 |  7- 9 | 10-12 | 13-15 | 16-18 | 19-21 | 22-24 | 25-27 || total
-------------------------+-------+-------+-------+-------+-------+-------+-------+-------+-------++-------
Melee: Trident           |    64 |   199 |   308 |   517 |   739 |     6 |       |       |       ||  1833
       Bardiche          |       |       |       |    39 |   388 |  1023 |   888 |  1171 |  2900 ||  6409
Throw: Dart              |       |       |       |     1 |       |       |       |     1 |       ||     2
       Javelin           |       |       |       |       |       |       |     7 |       |       ||     7
Invok: Ancestor Life: Kn |       |       |       |     1 |       |       |       |       |       ||     1
       Recall Ancestor   |       |       |       |       |     1 |     9 |     5 |     3 |     9 ||    27
 Abil: Dig               |       |       |       |     1 |     1 |     7 |     1 |     8 |     5 ||    23
Evoke: Wand              |       |       |    16 |    36 |    25 |    48 |    17 |    10 |     9 ||   161
       Box of beasts     |       |       |       |       |       |       |     2 |       |       ||     2
       Fan of gales      |       |       |       |       |       |       |     1 |     1 |       ||     2
       Lamp of fire      |       |       |       |       |       |       |       |     1 |     6 ||     7
  Use: Scroll            |       |     5 |     6 |    15 |    11 |    12 |    17 |    10 |    44 ||   120
       Potion            |       |     1 |     1 |     1 |     1 |    20 |    13 |     4 |    18 ||    59
 Stab: Confused          |       |       |     2 |     6 |       |       |       |       |       ||     8
       Distracted        |       |       |     1 |     2 |     7 |     5 |    10 |    17 |    56 ||    98
       Paralysed         |       |       |       |     6 |    20 |     7 |     6 |       |       ||    39
       Invisible         |       |       |       |       |       |     8 |       |       |       ||     8
  Eat: Ration            |       |     2 |       |     4 |     5 |     6 |     7 |     6 |    21 ||    51
       Chunk             |       |       |    12 |    13 |    18 |     9 |    12 |    12 |    13 ||    89
Armor: Scale mail        |    18 |    28 |    95 |     1 |       |       |       |       |       ||   142
       Chain mail        |       |    45 |       |   164 |   278 |   481 |   111 |       |       ||  1079
       Fire dragon scale |       |       |       |       |       |       |    76 |   204 |    87 ||   367
       Plate armour      |       |       |       |       |       |       |     6 |       |       ||     6
       Ice dragon scales |       |       |       |       |       |       |       |    10 |       ||    10
       Gold dragon scale |       |       |       |       |       |       |       |       |   356 ||   356
Dodge: Dodged            |    25 |    48 |    82 |   116 |   167 |   753 |   357 |   363 |   778 ||  2689
       Deflected         |       |       |       |       |       |     4 |    57 |    48 |    60 ||   169
Block: Shield            |    33 |    66 |   148 |   242 |   244 |       |       |       |       ||   733
       Large shield      |       |       |       |       |   402 |  1447 |   868 |   871 |  1939 ||  5527
       Reflection        |       |       |       |       |       |       |       |       |    63 ||    63
